 Dungeon Crawl Stone Soup version 0.32-a0-975-g85d4e5bfdb (webtiles) character file.

Game seed: 8651312970675276481

59 Maxmaps the Cudgeller (level 4, -6/44 HPs)
             Began as an Oni Gladiator on Apr 19, 2024.
             Mangled by a gnoll
             ... wielding a +0 spear
              (7 damage)
             ... on level 2 of the Dungeon.
             The game lasted 00:00:45 (661 turns).

Maxmaps the Cudgeller (Oni Gladiator)                Turns: 661, Time: 00:00:46

Health: -6/44      AC:  3    Str: 18    XL:     4   Next: 3%
Magic:  4/4        EV:  9    Int: 11    God:
Gold:   75         SH:  0    Dex: 10    Spells: 3/3 levels left

rFire   . . .        a - +0 flail
rCold   . . .        (no shield)
rNeg    . . .        b - +0 robe
rPois   .            c - +0 hat
rElec   .            (no cloak)
rCorr   .            (gloves unavailable)
SInv    .            (boots unavailable)
Will    .....        i - amulet of regeneration
Stlth   +            (no ring)
HPRegen 1.07/turn    (no ring)
MPRegen 0.09/turn

%: no passive effects
@: no status effects
A: large, unfitting armour, horns 1, tough skin 1, double potion healing,
drunken brawling
a: no special abilities


You were on level 2 of the Dungeon.
You visited 1 branch of the dungeon, and saw 2 of its levels.

You collected 75 gold pieces.

Inventory:

Hand Weapons
 a - a +0 flail (weapon)
Missiles
 d - 3 throwing nets (quivered)
 e - a large rock
Armour
 b - a +0 robe (worn)
 c - a +0 hat (worn)
Jewellery
 i - an amulet of regeneration (around neck)
Scrolls
 j - a scroll of immolation {unknown}
Potions
 f - a potion of curing {unknown}
 g - a potion of degeneration {unknown}
 h - a potion of berserk rage {unknown}
 k - a potion of might {unknown}


   Skills:
 - Level 2.6 Fighting
 + Level 4.8 Maces & Flails
 - Level 2.0 Throwing
 - Level 2.6 Dodging


You had 3 spell levels left.
You didn't know any spells.
Your spell library contained the following spells:

 Spells                   Type           Power      Damage    Failure   Level
 Dispersal                Tloc           0%         N/A       100%        6
 Gell's Gavotte           Tloc           0%         2d(11-16) 100%        6
 Manifold Assault         Tloc           0%         N/A       100%        7
 Disjunction              Tloc           0%         N/A       100%        8


Dungeon Overview and Level Annotations

Branches:
Dungeon (2/15)

Altars:


Innate Abilities, Weirdness & Mutations

You are too large for most types of armour.
You have a pair of small horns on your head.
You have tough skin. (AC +1)
You gain doubled healing and magic from potions.
Whenever you drink a healing potion, you attack all around you.


Message History

You sock the gnoll!
You kill the gnoll!
The hobgoblin hits you.
You have reached level 4!
You hit the hobgoblin.
The hobgoblin is moderately wounded.
The hobgoblin barely misses you.
You hit the hobgoblin.
The hobgoblin is almost dead.
The gnoll hits you from afar with a +0 halberd.
The hobgoblin hits you. The gnoll closely misses you.
You hit the hobgoblin.
You kill the hobgoblin!
The gnoll hits you from afar with a +0 halberd!
The gnoll barely misses you. The gnoll closely misses you.
The gnoll hits you but does no damage.
You see here a +0 flail.
You closely miss the gnoll. You headbutt the gnoll.
The gnoll is moderately wounded.
The gnoll barely misses you. The gnoll hits you with a +0 spear.
You closely miss the gnoll.
The gnoll is moderately wounded.
The gnoll hits you with a +0 halberd. The gnoll hits you with a +0 spear.
You are too injured to fight recklessly!
You are too injured to fight recklessly!
You barely miss the gnoll. You headbutt the gnoll!
The gnoll is severely wounded.
The gnoll hits you with a +0 halberd. The gnoll hits you with a +0 spear.
You barely miss the gnoll.
The gnoll is severely wounded.
The gnoll hits you with a +0 halberd.
* * * LOW HITPOINT WARNING * * *
The gnoll hits you with a +0 spear.
* * * LOW HITPOINT WARNING * * *
You barely miss the gnoll. You headbutt the gnoll.
The gnoll is almost dead.
The gnoll barely misses you. The gnoll hits you with a +0 spear!
* * * LOW HITPOINT WARNING * * *
The gnoll closely misses you. The gnoll hits you with a +0 spear!
You die...

#g..### #)#.#
#.#.# #.#### ##
##..#⌠##
...####...'..##
#....#.###⌠..##
#...####gg.##
#####.....##@†⌠#
#.......#.##.<.#
#.......#.##..⌠#
#........##...##
#.......##⌠..##
#...........##
#......###⌠##
#......# ###
#......#


You could see 2 gnolls.

Vanquished Creatures
  A gnoll (D:2)
  An adder (D:2)
  2 dart slugs (D:1)
  2 endoplasms (D:1)
  5 goblins (D:1)
  5 hobgoblins
  4 jackals (D:1)
  6 kobolds
  A quokka (D:1)
  2 ball pythons
  3 bats (D:1)
  2 frilled lizards (D:1)
  A rat (D:1)
35 creatures vanquished.

Notes
Turn   | Place    | Note
-------+----------+-------------------------------------------
     0 | D:1      | Maxmaps the Oni Gladiator began the quest for the Orb.
     0 | D:1      | Reached XP level 1. HP: 22/22 MP: 1/1
    63 | D:1      | Reached XP level 2. HP: 23/29 MP: 2/2
   344 | D:1      | Reached skill level 4 in Maces & Flails
   355 | D:1      | Reached XP level 3. HP: 14/36 MP: 3/3
   653 | D:2      | Reached XP level 4. HP: 43/44 MP: 4/4
   661 | D:2      | HP: 1/44 [gnoll/+0 spear (8)]
   661 | D:2      | Mangled by a gnoll

Illustrated notes

Levels and vault maps discovered:
D:1:      scummos_arrival_simple_crosswalls, layout_rooms
D:2:      layout_rooms, grunt_ministairs_8

Skill      XL: |  1  2 |
---------------+-------+-----
Maces & Flails | 4 |  4.8
Fighting       | |  2.6
Throwing       | |  2.0
Dodging        | |  2.6

Action                     |  1- 3 |  4- 6 || total
---------------------------+-------+-------++-------
  Melee: Flail             |    81 |     8 ||    89
         Headbutt          |     5 |     3 ||     8
   Stab: Sleeping          |     1 |       ||     1
 Armour: Robe              |    76 |    13 ||    89
  Dodge: Dodged            |    47 |     7 ||    54

Table legend: (Time is in decaauts)
 A = Elapsed time spent in this place.
 B = Non-inter-level travel time spent in this place.
 C = Inter-level travel time spent in this place.
 D = Time resting spent in this place.
 E = Time spent auto-exploring this place.
 F = Levels seen in this place.
 G = Mean time per level.
                   A        B        C        D        E       F      G
               +--------+--------+--------+--------+--------+-----+--------+
         Total |    680 |    667 |     13 |     13 |    462 |   2 |  340.0 |
       Dungeon |    680 |    667 |     13 |     13 |    462 |   2 |  340.0 |
               +--------+--------+--------+--------+--------+-----+--------+

Top non-repeatable levels by time:
     D:1: 613 daAuts
     D:2: 66 daAuts
